 Dungeon Crawl Stone Soup version 0.22.1-1-ga44c0e5 (webtiles) character file.

5515 Tamimi the Destroyer (level 10, -4/63 HPs)
             Began as an Octopode Conjurer on Oct 29, 2018.
             Was a Believer of Vehumet.
             Killed from afar by a steam dragon (16 damage)
             ... with a ball of steam
             ... on level 10 of the Dungeon.
             The game lasted 00:44:54 (14453 turns).

Tamimi the Destroyer (Octopode Conjurer)           Turns: 14453, Time: 00:44:54

Health: -4/63      AC:  1    Str:  9      XL:     10   Next: 70%
Magic:  32/32      EV: 13    Int: 19      God:    Vehumet [**....]
Gold:   528        SH:  0    Dex: 11 (13) Spells: 14/28 levels left

rFire    . . .     SeeInvis .   F - +2 trident (vamp)
rCold    . . .     Gourm    .   (no shield)
rNeg     . . .     Faith    .   (helmet restricted)
rPois    .         Spirit   .   (no amulet)
rElec    .         Reflect  .   v - ring of magical power
rCorr    .         Harm     .   (no ring)
MR       .....                  (no ring)
Stlth    +++.......             (no ring)
HPRegen  0.20/turn              (no ring)
MPRegen  0.23/turn              (no ring)
                                (no ring)
                                (no ring)

@: no status effects
A: almost no armour, stealthy swim, amphibious, 8 rings, constrict 8, camouflage
1, gelatinous body 1
a: Renounce Religion


You were on level 10 of the Dungeon.
You worshipped Vehumet.
Vehumet was pleased with you.
You were not hungry.

You visited 2 branches of the dungeon, and saw 11 of its levels.

You collected 528 gold pieces.

Inventory:

Hand Weapons
 a - a +2 dagger of venom
 d - a +0 short sword
 f - a +5 quarterstaff of chaos
 g - a +2 dagger of flaming
 l - a +2 dagger of draining
 s - a +0 spear
 C - a +4 dagger of flaming
 F - a +2 vampiric trident (weapon)
 M - a +0 whip of flaming
Missiles
 J - 3 needles of frenzy
Jewellery
 v - a ring of magical power (left tentacle)
 x - an uncursed ring of ice
 K - the ring of Mezaugoom {*Tele rC+++ Int-4 Slay+3 Stlth+}
   (You found it on level 8 of the Dungeon)

   [ring of teleportation]

   It may teleport you next to monsters.
   It affects your intelligence (-4).
   It affects your accuracy and damage with ranged weapons and melee attacks
   (+3).
   It renders you almost immune to cold.
   It makes you more stealthy.
Wands
 p - a wand of acid (24)
 t - a wand of digging (14)
 B - a wand of flame (42)
 H - a wand of random effects (6)
Scrolls
 h - 5 scrolls of teleportation
 i - a scroll of brand weapon
 k - a scroll of magic mapping
 n - 2 scrolls of blinking
 o - 3 scrolls of remove curse
 y - a scroll of immolation
 N - a scroll of amnesia {unknown}
Potions
 c - a potion of ambrosia {unknown}
 e - 4 potions of curing
 j - 3 potions of might
 q - a potion of cancellation {unknown}
 r - a potion of lignification {unknown}
 u - 3 potions of agility
 w - 3 potions of brilliance
 z - a potion of mutation {unknown}
 G - 2 potions of berserk rage {unknown}
 I - a potion of magic {unknown}
Comestibles
 b - 11 rations


   Skills:
 + Level 3.3 Fighting
 - Level 0.1 Short Blades
 + Level 1.9(2.0) Polearms
 - Level 0.5(1.3) Staves
 - Level 2.0 Dodging
 - Level 2.6 Stealth
 + Level 9.7 Spellcasting
 + Level 10.5 Conjurations
 - Level 2.8 Hexes
 - Level 3.0 Translocations
 - Level 0.4 Evocations


You had 14 spell levels left.
You knew the following spells:

 Your Spells              Type           Power        Failure   Level  Hunger
a - Magic Dart            Conj           ####         1%          1    None
b - Searing Ray           Conj           #####.       1%          2    None
c - Iskenderun's Mystic   Conj           #####...     1%          4    ###....
d - Dazzling Spray        Conj/Hex       ####..       1%          3    None
e - Force Lance           Conj/Tloc      #####...     4%          4    ###....

Your spell library contained the following spells:

 Spells                   Type           Power        Failure   Level  Hunger
 Static Discharge         Conj/Air       ####....     2%          3    None
 Corona                   Hex            ###....      2%          1    None
 Fulminant Prism          Conj/Hex       ####......   4%          4    ###....
 Ensorcelled Hibernation  Hex/Ice        ##....       6%          2    None
 Confuse                  Hex            ###.....     7%          3    None
 Tukima's Dance           Hex            ###.....     7%          3    None


Dungeon Overview and Level Annotations

Branches:
Dungeon (10/15)            Temple (1/1) D:4            Lair (0/6) D:8
    Orc: D:9-12

Altars:
Ashenzari
Cheibriados
Dithmenos
Elyvilon
Fedhas
Gozag
Hepliaklqana
Kikubaaqudgha
Makhleb
Nemelex Xobeh
Okawaru
Qazlal
Ru
Sif Muna
Trog
Uskayaw
Vehumet
Wu Jian
Xom
Yredelemnul
Zin
The Shining One

Shops:
D:3 *   D:6 %*?

Annotations:
D:2 exclusion: 2 downstairs
D:4 1 runed door, exclusion: downstairs, Blork the orc; Jaiteiro's ghost, novice GrFE


Innate Abilities, Weirdness & Mutations

You cannot wear most types of armour.
You are very stealthy in the water. (Stealth+)
You are amphibious.
You can wear up to eight rings at the same time.
You can use your tentacles to constrict eight enemies at once.
Your skin changes colour to match your surroundings (Stealth+).
Your rubbery body absorbs attacks. (AC +1, EV +1)


Message History

The scroll dissolves into smoke.
It was a scroll of fog.
As you read the scroll labeled VIV QEORITUGG, it crumbles to dust.
A profound silence engulfs you.
It was a scroll of silence.
A steam dragon comes into view.
An ice beast comes into view.
The ice beast moves out of view.
Okay, then.
The steam dragon breathes steam at you. The ball of steam misses you.
You are engulfed in a cloud of scalding steam.
You are engulfed in a cloud of scalding steam.
The steam dragon breathes steam at you. The ball of steam hits you!
Your hearing returns.
The steam dragon breathes steam at you. The ball of steam hits you!
* * * LOW HITPOINT WARNING * * *
The steam dragon breathes steam at you. The ball of steam hits you!
You die...

..... ##.#.####
§§§§...# #§§§...# #
#§§§# #
#.#.§§......#
#.#..#####.####
..#.#..............
........###@###
..#.###.# #§# # #Y#
#§# #.# #.# #.# #.#
#.# #.# #.# #D#
###.# #.# #.D.# #.#


There were no monsters in sight!

Vanquished Creatures
  Pikel (D:6)
  Maurice (D:9)
  A hornet (D:8)
  A hippogriff (D:7)
  2 wyverns (D:8)
  Sigmund (D:5)
  Eustachio (D:4)
  A spriggan (D:8)
  2 basilisks (D:8)
  Menkaure (D:4)
  2 hungry ghosts
  A swamp drake (D:8)
  2 ice beasts
  2 orc warriors
  Duvessa (D:6)
  2 phantoms
  A sky beast (D:5)
  A slave (D:6)
  An ogre (D:8)
  A black bear (D:7)
  A centaur (D:8)
  2 bullfrogs
  Dowan (D:6)
  2 scorpions
  A wight (D:6)
  A howler monkey (D:9)
  An electric eel (D:9)
  A bullfrog zombie (D:8)
  4 crimson imps
  2 hounds
  2 quasits
  3 jellies
  Crazy Yiuf (D:3)
  An orc priest (D:5)
  6 orc wizards
  Jessica (D:3)
  Ijyb (D:3)
  Natasha (thrice) (D:3)
  5 iguanas
  6 worker ants
  A hound zombie (D:9)
  A worker ant zombie (D:8)
  6 adders
  10 gnolls
  A shadow imp (D:5)
  2 oozes
  An adder skeleton (D:4)
  An adder zombie (D:5)
  6 worms
  3 dart slugs
  5 leopard geckos
  29 orcs
  A ball python (D:3)
  6 giant cockroaches
  15 goblins
  11 hobgoblins
  10 jackals
  7 kobolds
  7 quokkas
  10 bats
  4 frilled lizards
  A leopard gecko skeleton (D:6)
  A quokka skeleton (D:6)
  A quokka zombie (D:5)
  7 rats
218 creatures vanquished.

Vanquished Creatures (others)
  2 wights (D:6)
  An iguana (D:6)
  A fungus (D:3)
4 creatures vanquished.

Grand Total: 222 creatures vanquished

Notes
Turn   | Place    | Note
-------+----------+-------------------------------------------
     0 | D:1      | Tamimi the Octopode Conjurer began the quest for the Orb.
     0 | D:1      | Reached XP level 1. HP: 11/11 MP: 3/3
   189 | D:1      | Reached XP level 2. HP: 16/17 MP: 0/5
   193 | D:1      | Learned a level 2 spell: Searing Ray
  1388 | D:2      | Reached XP level 3. HP: 21/21 MP: 3/6
  1635 | D:2      | Reached skill level 5 in Conjurations
  2464 | D:2      | Reached XP level 4. HP: 27/27 MP: 0/7
  2606 | D:2      | Learned a level 4 spell: Iskenderun's Mystic Blast
  3155 | D:3      | Noticed Natasha
  3160 | D:3      | Killed Natasha
  3160 | D:3      | Reached XP level 5. HP: 31/31 MP: 0/9
  3921 | D:3      | Found a runed door.
  3941 | D:3      | Found a snail-covered altar of Cheibriados.
  3941 | D:3      | Found a sacrificial altar of Ru.
  3942 | D:3      | Found a sparkling altar of Nemelex Xobeh.
  4090 | D:3      | Noticed Natasha
  4106 | D:3      | Killed Natasha
  4376 | D:3      | Noticed Ijyb
  4416 | D:3      | Found an opulent altar of Gozag.
  4418 | D:3      | Found Gozag's Platinum Reserve.
  4540 | D:3      | Reached XP level 6. HP: 36/36 MP: 7/11
  4663 | D:3      | Noticed Jessica
  4672 | D:3      | Killed Jessica
  4672 | D:3      | Reached skill level 6 in Conjurations
  4743 | D:3      | Killed Ijyb
  5003 | D:3      | Noticed Natasha
  5007 | D:3      | Killed Natasha
  5142 | D:3      | Noticed Crazy Yiuf
  5148 | D:3      | Killed Crazy Yiuf
  6169 | D:4      | Noticed Blork the orc
  6246 | D:4      | Reached XP level 7. HP: 23/42 MP: 5/14
  6441 | D:4      | Reached skill level 5 in Spellcasting
  6550 | D:4      | Noticed Menkaure
  6617 | D:4      | Killed Menkaure
  6617 | D:4      | Reached skill level 1 in Fighting
  7035 | D:4      | Learned a level 3 spell: Dazzling Spray
  7039 | D:4      | Found a staircase to the Ecumenical Temple.
  7068 | D:4      | Noticed Eustachio
  7071 | Temple   | Entered the Ecumenical Temple
  7115 | Temple   | Became a worshipper of Vehumet
  7158 | D:4      | Found a runed door.
  7161 | D:4      | Noticed Jaiteiro's ghost (novice GrFE)
  7194 | D:4      | Killed Eustachio
  7194 | D:4      | Reached skill level 7 in Conjurations
  7194 | D:4      | Reached skill level 1 in Hexes
  7194 | D:4      | Reached XP level 8. HP: 35/48 MP: 1/16
  7405 | D:5      | Entered Level 5 of the Dungeon
  7507 | D:5      | Noticed Sigmund
  7534 | D:5      | Killed Sigmund
  7549 | D:5      | Found an iron altar of Okawaru.
  7747 | D:5      | Reached * piety under Vehumet
  7747 | D:5      | Offered knowledge of Freeze by Vehumet.
  8155 | D:5      | Found a stormy altar of Qazlal.
  8155 | D:5      | Found a shadowy altar of Dithmenos.
  8875 | D:6      | Found Xonehuo's Assorted Antiques.
  8982 | D:6      | Reached skill level 8 in Conjurations
  8982 | D:6      | Reached XP level 9. HP: 54/54 MP: 14/19
  9361 | D:6      | Found Kifer's Magic Scroll Emporium.
  9389 | D:6      | Noticed Pikel
  9398 | D:6      | Killed Pikel
  9558 | D:6      | Noticed Duvessa
  9560 | D:6      | Noticed Dowan
  9571 | D:6      | Killed Duvessa
  9572 | D:6      | Killed Dowan
 10081 | D:6      | Found Luygoxzi's Food Boutique.
 10374 | D:7      | Reached skill level 9 in Conjurations
 10434 | D:7      | Found an ancient bone altar of Kikubaaqudgha.
 10738 | D:7      | Offered knowledge of Shock by Vehumet.
 11324 | D:7      | Learned a level 4 spell: Force Lance
 11375 | D:8      | Noticed a hornet
 11379 | D:8      | Killed a hornet
 11379 | D:8      | Reached ** piety under Vehumet
 11379 | D:8      | Reached skill level 1 in Translocations
 11671 | D:8      | Reached XP level 10. HP: 63/63 MP: 10/22
 12487 | D:8      | Got a scorched brass ring
 12705 | D:8      | Reached skill level 1 in Polearms
 12770 | D:8      | Reached skill level 10 in Conjurations
 12777 | D:8      | Found a staircase to the Lair.
 13194 | D:9      | Noticed Maurice
 13217 | D:9      | Offered knowledge of Static Discharge by Vehumet.
 13469 | D:9      | Killed Maurice
 13694 | D:9      | Noticed a two-headed ogre
 13774 | D:9      | Identified the ring of Mezaugoom {*Tele rC+++ Int-4 Slay+3
                  | Stlth+} (You found it on level 8 of the Dungeon)
 14414 | D:10     | Entered Level 10 of the Dungeon
 14453 | D:10     | Killed from afar by a steam dragon

Skill      XL: |  1  2  3  4  5  6  7  8  9 10 |
---------------+-------------------------------+-----
Conjurations   | 5 6 7 8 9 10 | 10.5
Spellcasting   | 3 4 5 7 8 9 |  9.7
Fighting       | 1 2 3 |  3.3
Hexes          | 1 2 |  2.8
Translocations | 1 3 |  3.0
Polearms       | 1 |  1.9
Short Blades   | |  0.1
Staves         | |  0.5
Dodging        | |  2.0
Stealth        | |  2.6
Evocations     | |  0.4

Action                   |  1- 3 |  4- 6 |  7- 9 | 10-12 || total
-------------------------+-------+-------+-------+-------++-------
Melee: Short sword       |     8 |       |       |       ||     8
       Constrict         |     2 |     1 |     6 |     2 ||    11
       Tentacles         |     1 |     1 |     3 |     2 ||     7
       Dagger            |     2 |     7 |       |       ||     9
       Quarterstaff      |       |       |    19 |       ||    19
       Trident           |       |       |     5 |    13 ||    18
 Cast: Magic Dart        |    89 |   104 |   119 |    98 ||   410
       Searing Ray       |     1 |    17 |    29 |     4 ||    51
       Iskenderun's Myst |       |     5 |    30 |    54 ||    89
       Dazzling Spray    |       |       |    12 |     7 ||    19
Evoke: Wand              |       |     2 |       |       ||     2
  Use: Scroll            |       |       |    10 |     7 ||    17
       Potion            |       |       |       |     1 ||     1
 Stab: Sleeping          |       |       |     1 |       ||     1
  Eat: Chunk             |     5 |    14 |    15 |     9 ||    43
       Ration            |       |       |     3 |     2 ||     5
Armor: Skin              |     2 |       |     1 |     4 ||     7
Dodge: Dodged            |    12 |    21 |    36 |    55 ||   124
